[Event "XX Gran Hotel Bali-A 2023"]
[Site "Benidorm"]
[Date "2023.12.08"]
[Round "9.6"]
[White "Goluch, Piotr"]
[Black "De La Puerta Cresis, Javier"]
[Result "1-0"]
[ECO "D55"]
[WhiteElo "2312"]
[BlackElo "2177"]
[Annotator "RC"]
[PlyCount "163"]
[EventDate "2023.12.02"]
[EventType "swiss"]
[EventCountry "ESP"]
[SourceTitle "playchess.com"]
[Source "ChessBase"]
[SourceQuality "1"]
[TimeControl "5400+30"]

1. d4 d5 2. c4 e6 3. Nf3 Nf6 4. Nc3 Be7 5. Bg5 h6 6. Bxf6 Bxf6 7. e3 O-O 8. Bd3 c6 9. O-O Nd7 10. Re1 dxc4 11. Bxc4 e5 12. Bb3 exd4 13. exd4 Nb6 14. Ne5 Nd5 15. Bxd5 cxd5 16. Qb3 Be6 17. Qxb7 Bxe5 18. dxe5 d4 19. Rad1 Qa5 20. Qb5 Qxb5 21. Nxb5 Bxa2 22. Nxd4 Rab8 23. Rd2 Rb4 24. b3 Rd8 25. Red1 Bb1 26. f3 a5 27. Kf2 a4 28. bxa4 Rxa4 29. Nc6 Rxd2+ 30. Rxd2 Ba2 31. Nd4 Bc4 32. f4 g6 33. g4 Ra5 34. Rc2 Ba6 35. Rb2 g5 36. fxg5 Rxe5 37. Rb8+ Kh7 38. Rb6 Bc8 39. Rxh6+ Kg7 40. Nf3 Rxg5 41. Rc6 Bb7 42. Nxg5 Bxc6 43. Kg3 Kg6 44. Kf4 Bd7 45. Nf3 f6 46. Nd4 Ba4 47. h4 Bd7 48. h5+ Kf7 49. Nf5 Ba4 50. Nd6+ Kg7 51. Ne4 Bd1 52. Nc5 Bc2 53. Ne6+ Kf7 54. Nd8+ Kg7 55. Ne6+ Kf7 56. Nd4 Bd1 57. Nf5 Be2 58. Nd6+ Kg7 59. Kf5 Bd3+ 60. Ke6 Be2 61. Ne8+ Kh6 62. Kf5 Ba6 63. Nxf6 Bc8+ 64. Kf4 Kg7 65. Ne4 Kh6 66. Nd6 Be6 67. Nf5+ Kh7 68. Ke5 Bb3 69. Kf4 Bd1 70. Ng3 Kh6 71. Kf5 Kg7 72. g5 Bc2+ 73. Ke5 Bd1 74. Nf5+ Kg8 75. h6 Kh7 76. Kf6 Bh5 77. Ng7 Bg6 78. Ne6 Bc2 79. Nf8+ Kg8 80. g6 Kh8 81. g7+ Kg8 82. h7+ 1-0

[Event "XX Gran Hotel Bali-A 2023"]
[Site "Benidorm"]
[Date "2023.12.08"]
[Round "9.7"]
[White "Carrera Perez, Francisco"]
[Black "Moskalenko, Viktor"]
[Result "0-1"]
[ECO "A10"]
[WhiteElo "2237"]
[BlackElo "2427"]
[Annotator "RC"]
[PlyCount "56"]
[EventDate "2023.12.02"]
[EventType "swiss"]
[EventCountry "ESP"]
[SourceTitle "playchess.com"]
[Source "ChessBase"]
[SourceQuality "1"]
[TimeControl "5400+30"]

1. c4 f5 2. g3 Nf6 3. Bg2 g6 4. Nc3 Bg7 5. d3 d6 6. Bg5 Nbd7 7. Qd2 h6 8. Bxf6 Nxf6 9. e3 c6 10. Nge2 e5 11. O-O O-O 12. b4 d5 13. cxd5 cxd5 14. d4 e4 15. Rac1 g5 16. a4 Be6 17. a5 Ne8 18. Nb5 Qd7 19. Nec3 a6 20. Na3 Nd6 21. Rfd1 f4 22. Qc2 f3 23. Bf1 Bh3 24. Kh1 Bxf1 25. Rxf1 Nf7 26. Na4 h5 27. Rg1 Qh3 28. Qd1 Nh6 0-1

[Event "XX Gran Hotel Bali-A 2023"]
[Site "Benidorm"]
[Date "2023.12.08"]
[Round "9.8"]
[White "Grabuzova, Tatiana"]
[Black "Decuigniere, Tom"]
[Result "1-0"]
[ECO "E00"]
[WhiteElo "2202"]
[BlackElo "2413"]
[Annotator "RC"]
[PlyCount "123"]
[EventDate "2023.12.02"]
[EventType "swiss"]
[EventCountry "ESP"]
[SourceTitle "playchess.com"]
[Source "ChessBase"]
[SourceQuality "1"]
[TimeControl "5400+30"]

1. d4 Nf6 2. c4 e6 3. g3 Bb4+ 4. Bd2 Qe7 5. Bg2 Nc6 6. e3 e5 7. d5 Bxd2+ 8. Qxd2 Nb8 9. d6 Qxd6 10. Qxd6 cxd6 11. Nc3 Na6 12. Nge2 Nc7 13. O-O Rb8 14. Rac1 Ke7 15. Rfd1 b5 16. cxb5 Nxb5 17. Nd5+ Nxd5 18. Bxd5 Ba6 19. a4 Nc7 20. Rxc7 Bxe2 21. Rd2 Bg4 22. Rxa7 Rhc8 23. Kg2 Rc5 24. Ra6 Rb4 25. h3 Bf5 26. Bf3 d5 27. Rxd5 Rxd5 28. Bxd5 Rxb2 29. a5 Be6 30. Bxe6 fxe6 31. Ra8 Ra2 32. a6 h5 33. Kf3 d5 34. h4 Kf6 35. g4 hxg4+ 36. Kxg4 Kf7 37. a7 d4 38. exd4 exd4 39. Kf3 d3 40. Ke3 d2 41. Ke2 Kg6 42. f4 Kh7 43. h5 Ra4 44. Kxd2 Ra3 45. Kc2 Ra4 46. Kd3 Ra3+ 47. Ke4 Ra5 48. Kd4 Rd5+ 49. Kc4 Ra5 50. Kb4 Ra1 51. Kb5 Ra2 52. Kb6 Rb2+ 53. Kc6 Ra2 54. Kd6 Ra6+ 55. Ke7 Ra5 56. Kxe6 Ra6+ 57. Ke7 Ra1 58. f5 Re1+ 59. Kf7 Ra1 60. h6 gxh6 61. f6 h5 62. Ke7 1-0

[Event "XX Gran Hotel Bali-A 2023"]
[Site "Benidorm"]
[Date "2023.12.08"]
[Round "9.9"]
[White "Donate Moreno, Silvia"]
[Black "Luque Saiz, Andres"]
[Result "0-1"]
[ECO "B28"]
[WhiteElo "2156"]
[BlackElo "2349"]
[Annotator "RC"]
[PlyCount "98"]
[EventDate "2023.12.02"]
[EventType "swiss"]
[EventCountry "ESP"]
[SourceTitle "playchess.com"]
[Source "ChessBase"]
[SourceQuality "1"]
[TimeControl "5400+30"]

1. e4 c5 2. Nf3 a6 3. c3 d5 4. exd5 Qxd5 5. d4 e6 6. Be3 cxd4 7. cxd4 Nf6 8. Nc3 Qd8 9. Rc1 b5 10. Qb3 Be7 11. Ne5 O-O 12. Be2 Bb7 13. O-O Nc6 14. Rfd1 Rc8 15. Nxc6 Bxc6 16. a4 b4 17. Bxa6 bxc3 18. Bxc8 Qxc8 19. Qxc3 Bd7 20. Qxc8 Bxc8 21. Bg5 Bd7 22. Rc7 Bd6 23. Ra7 Bb8 24. Ra6 Bc8 25. Rc6 Nd5 26. b3 Bd7 27. Rc4 Bd6 28. Bd2 Rb8 29. Rb1 Kf8 30. g3 Ke7 31. f3 Rb7 32. Kf2 Nb6 33. Rcc1 Ba3 34. Rd1 Nd5 35. Bc1 Bb4 36. Bb2 f6 37. Rbc1 Bd6 38. Rd3 Be8 39. Rc8 Nb6 40. Rxe8+ Kxe8 41. Bc1 Nd5 42. Bd2 Kd7 43. Ke2 Bb4 44. Bxb4 Nxb4 45. Rd2 Kd6 46. g4 Kd5 47. h4 Nc6 48. Kf2 Nxd4 49. a5 Rxb3 0-1

[Event "XX Gran Hotel Bali-A 2023"]
[Site "Benidorm"]
[Date "2023.12.08"]
[Round "9.10"]
[White "Gomez Dieguez, David"]
[Black "Mingarro Carceller, Sergi"]
[Result "1-0"]
[ECO "B32"]
[WhiteElo "2303"]
[BlackElo "2232"]
[Annotator "RC"]
[PlyCount "47"]
[EventDate "2023.12.02"]
[EventType "swiss"]
[EventCountry "ESP"]
[SourceTitle "playchess.com"]
[Source "ChessBase"]
[SourceQuality "1"]
[TimeControl "5400+30"]

1. e4 c5 2. Nf3 Nc6 3. d4 cxd4 4. Nxd4 e5 5. Nb5 d6 6. N1c3 a6 7. Na3 Be6 8. Nc4 Rb8 9. Nd5 Bxd5 10. exd5 Nce7 11. a4 Nf6 12. g4 h6 13. h4 Rc8 14. Rh3 Nexd5 15. a5 Qd7 16. Rg3 Rc5 17. b4 Nxb4 18. Ba3 d5 19. Bxb4 Rxc4 20. Bxc4 Bxb4+ 21. c3 Bc5 22. Bd3 e4 23. Bc2 g5 24. Ba4 1-0

[Event "XX Gran Hotel Bali-A 2023"]
[Site "Benidorm"]
[Date "2023.12.08"]
[Round "9.11"]
[White "Ambartsumian, Tyhran"]
[Black "Utsab Chatterjee"]
[Result "1-0"]
[ECO "B51"]
[WhiteElo "2138"]
[BlackElo "2289"]
[Annotator "RC"]
[PlyCount "57"]
[EventDate "2023.12.02"]
[EventType "swiss"]
[EventCountry "ESP"]
[SourceTitle "playchess.com"]
[Source "ChessBase"]
[SourceQuality "1"]
[TimeControl "5400+30"]

1. e4 c5 2. Nf3 d6 3. Bb5+ Nd7 4. Ba4 Ngf6 5. O-O e6 6. Re1 Be7 7. c3 a6 8. d4 O-O 9. Nbd2 b5 10. Bc2 e5 11. Nf1 Qc7 12. Ng3 Re8 13. a4 Rb8 14. a5 Bf8 15. Nf5 cxd4 16. cxd4 exd4 17. N3xd4 Bb7 18. Bf4 Ne5 19. Bg5 Nfd7 20. Ra3 Ng6 21. h4 d5 22. Rg3 dxe4 23. h5 Qe5 24. hxg6 hxg6 25. Nh4 Nf6 26. Bxf6 gxf6 27. Bb3 Bd5 28. Nc6 Bxc6 29. Nxg6 1-0

[Event "XX Gran Hotel Bali-A 2023"]
[Site "Benidorm"]
[Date "2023.12.08"]
[Round "9.12"]
[White "Ereza Vizcarra, Fernando"]
[Black "Granero Roca, Antonio"]
[Result "0-1"]
[ECO "E90"]
[WhiteElo "2116"]
[BlackElo "2273"]
[Annotator "RC"]
[PlyCount "124"]
[EventDate "2023.12.02"]
[EventType "swiss"]
[EventCountry "ESP"]
[SourceTitle "playchess.com"]
[Source "ChessBase"]
[SourceQuality "1"]
[TimeControl "5400+30"]

1. d4 Nf6 2. Nf3 g6 3. c4 Bg7 4. Nc3 d6 5. e4 O-O 6. h3 e5 7. d5 a5 8. Be3 Na6 9. a3 Bd7 10. Nd2 Qe8 11. b3 Nh5 12. g4 Nf4 13. Qc2 c6 14. Na4 cxd5 15. Nb6 d4 16. Bxf4 exf4 17. Nxa8 d3 18. Qb1 Bxa1 19. Qxa1 Qxa8 20. Bxd3 Nc5 21. Bc2 Qd8 22. Qd4 Bc6 23. h4 Qe7 24. Kd1 Re8 25. f3 Ne6 26. Qc3 Qc7 27. h5 Qb6 28. hxg6 fxg6 29. Qf6 Qc5 30. b4 axb4 31. axb4 Qe5 32. Qxe5 dxe5 33. Nb3 Ba4 34. Na5 Bxc2+ 35. Kxc2 Nd4+ 36. Kc3 b6 37. Nb7 Ra8 38. c5 b5 39. Na5 Nxf3 40. Nc6 Kg7 41. Rd1 Ra3+ 42. Kb2 Re3 43. Na5 Re2+ 44. Kc3 Ng5 45. c6 Nxe4+ 46. Kb3 Re3+ 47. Kb2 Rc3 48. Re1 f3 49. Rxe4 f2 50. Kxc3 f1=Q 51. Re3 Qc1+ 52. Kd3 Qd1+ 53. Ke4 Qd4+ 54. Kf3 Qf4+ 55. Ke2 Qxg4+ 56. Kd2 Qd4+ 57. Rd3 Qb2+ 58. Kd1 Qb1+ 59. Kd2 Qb2+ 60. Kd1 Qxb4 61. Rd7+ Kf6 62. c7 Qg4+ 0-1

[Event "XX Gran Hotel Bali-A 2023"]
[Site "Benidorm"]
[Date "2023.12.08"]
[Round "9.13"]
[White "Davtyan, David Arm."]
[Black "Gaurav Rajesh Zagade"]
[Result "1/2-1/2"]
[ECO "B07"]
[WhiteElo "2373"]
[BlackElo "2126"]
[Annotator "ChessBase"]
[PlyCount "84"]
[EventDate "2023.12.02"]
[EventType "swiss"]
[EventCountry "ESP"]
[SourceTitle "playchess.com"]
[Source "ChessBase"]
[SourceQuality "1"]
[TimeControl "5400+30"]

1. d4 Nf6 2. Nf3 g6 3. g3 Bg7 4. Bg2 O-O 5. O-O d6 6. Nc3 Nbd7 7. e4 e5 8. Re1 c6 9. a4 a5 10. h3 exd4 11. Nxd4 Nc5 12. Be3 Re8 13. f3 Ne6 14. f4 d5 15. e5 Nxd4 16. Qxd4 Nd7 17. Rad1 Bf8 18. Qd2 Bc5 19. Bxc5 Nxc5 20. Qf2 Nd7 21. Bxd5 cxd5 22. Nxd5 Kg7 23. Qd4 Re6 24. Nf6 Qc7 25. Nxd7 Bxd7 26. Qxd7 Qxc2 27. Rd2 Qb3 28. Kh2 h5 29. Rc1 h4 30. Rc3 Qb4 31. Qd4 hxg3+ 32. Kxg3 Qe7 33. Qd7 Qb4 34. Rc7 Rf8 35. Rxb7 Qe4 36. Rf2 Qe3+ 37. Kg2 Qe4+ 38. Kh2 Rc6 39. Rc7 Qe3 40. Kg2 Qe4+ 41. Kh2 Qe3 42. Kg2 Qe4+ 1/2-1/2

[Event "XX Gran Hotel Bali-A 2023"]
[Site "Benidorm"]
[Date "2023.12.08"]
[Round "9.14"]
[White "Ni, Viktorija"]
[Black "Garcia Martin, Marta"]
[Result "0-1"]
[ECO "E16"]
[WhiteElo "2139"]
[BlackElo "2355"]
[Annotator "RC"]
[PlyCount "88"]
[EventDate "2023.12.02"]
[EventType "swiss"]
[EventCountry "ESP"]
[SourceTitle "playchess.com"]
[Source "ChessBase"]
[SourceQuality "1"]
[TimeControl "5400+30"]

1. d4 e6 2. c4 b6 3. Nf3 Bb7 4. g3 Bb4+ 5. Bd2 Bxd2+ 6. Qxd2 Nf6 7. Nc3 O-O 8. Bg2 Ne4 9. Nxe4 Bxe4 10. Nh4 Bxg2 11. Nxg2 d5 12. b3 Nc6 13. Rc1 dxc4 14. Rxc4 Qd5 15. O-O Rfd8 16. Ne3 Qd6 17. d5 Ne5 18. Rh4 exd5 19. f4 Ng6 20. Rh5 Ne7 21. Re5 f6 22. Rh5 c5 23. Qd3 g6 24. Rh4 f5 25. g4 Qf6 26. g5 Qe6 27. Rh3 d4 28. Nc4 Nc6 29. a4 Rd7 30. Rf2 Re8 31. Rhf3 Qe4 32. Qd2 Red8 33. Nb2 Nb4 34. Nd3 Nxd3 35. exd3 Qd5 36. b4 c4 37. dxc4 Qxc4 38. Rd3 Re8 39. Re2 Re4 40. Kf2 Kf7 41. Qa2 Rxf4+ 42. Kg2 Rg4+ 43. Kf3 Qxa2 44. Rxa2 Rxg5 0-1

[Event "XX Gran Hotel Bali-A 2023"]
[Site "Benidorm"]
[Date "2023.12.08"]
[Round "9.15"]
[White "Madina Yadarola, Martin"]
[Black "Ingunza Curro, Andres"]
[Result "1/2-1/2"]
[ECO "D05"]
[WhiteElo "2107"]
[BlackElo "2328"]
[Annotator "RC"]
[PlyCount "47"]
[EventDate "2023.12.02"]
[EventType "swiss"]
[EventCountry "ESP"]
[SourceTitle "playchess.com"]
[Source "ChessBase"]
[SourceQuality "1"]
[TimeControl "5400+30"]

1. d4 Nf6 2. Nf3 e6 3. e3 b6 4. Bd3 Bb7 5. Nbd2 d5 6. Ne5 g6 7. O-O Bg7 8. f4 O-O 9. Qf3 c5 10. c3 Ba6 11. Bxa6 Nxa6 12. g4 b5 13. Qe2 c4 14. g5 Nh5 15. b3 Bxe5 16. dxe5 cxb3 17. Nxb3 Qb6 18. Nd4 Rfc8 19. Rb1 Rxc3 20. Bd2 Rc5 21. Nxb5 Nc7 22. Nd4 Qa6 23. Qxa6 Nxa6 24. Bb4 1/2-1/2

[Event "XX Gran Hotel Bali-A 2023"]
[Site "Benidorm"]
[Date "2023.12.08"]
[Round "9.16"]
[White "Escartin Lacasa, Jose"]
[Black "Aakash Sharadchandra, Dalvi"]
[Result "0-1"]
[ECO "D02"]
[WhiteElo "2272"]
[BlackElo "2130"]
[Annotator "RC"]
[PlyCount "80"]
[EventDate "2023.12.02"]
[EventType "swiss"]
[EventCountry "ESP"]
[SourceTitle "playchess.com"]
[Source "ChessBase"]
[SourceQuality "1"]
[TimeControl "5400+30"]

1. d4 d5 2. Nf3 e6 3. g3 c5 4. Bg2 cxd4 5. O-O Nf6 6. Nxd4 e5 7. Nb3 Be6 8. Nc3 Be7 9. f4 exf4 10. gxf4 g6 11. Kh1 Nc6 12. Be3 O-O 13. Bg1 Re8 14. Nd4 Nxd4 15. Qxd4 Qd7 16. Rad1 Red8 17. Qf2 Qc6 18. Qh4 Bf5 19. Bd4 Qe6 20. Qf2 Bxc2 21. Rc1 Bf5 22. Bxa7 Ne4 23. Nxe4 Bxe4 24. Bb6 Rdc8 25. Bxe4 Qxe4+ 26. Kg1 Bf6 27. f5 g5 28. Rxc8+ Rxc8 29. Qg2 Rc2 30. Qxe4 dxe4 31. b3 Rxa2 32. Rc1 Rxe2 33. Rc8+ Kg7 34. Rb8 Rb2 35. Bc5 Be5 36. Rxb7 Bxh2+ 37. Kf1 Be5 38. b4 h5 39. Re7 Kf6 40. Rd7 h4 0-1

[Event "XX Gran Hotel Bali-A 2023"]
[Site "Benidorm"]
[Date "2023.12.08"]
[Round "9.17"]
[White "Gomez Aguirre, Juan Alberto"]
[Black "Petrovic, Aleksa"]
[Result "1/2-1/2"]
[ECO "D10"]
[WhiteElo "2068"]
[BlackElo "2272"]
[Annotator "RC"]
[PlyCount "90"]
[EventDate "2023.12.02"]
[EventType "swiss"]
[EventCountry "ESP"]
[SourceTitle "playchess.com"]
[Source "ChessBase"]
[SourceQuality "1"]
[TimeControl "5400+30"]

1. d4 Nf6 2. c4 c6 3. Nc3 d5 4. cxd5 cxd5 5. Bf4 e6 6. e3 Bd6 7. Bxd6 Qxd6 8. Bd3 O-O 9. f4 Bd7 10. Nf3 b5 11. O-O a6 12. Ne5 Be8 13. Rc1 Nfd7 14. Qf3 f5 15. g4 g6 16. gxf5 gxf5 17. Kh1 Kh8 18. Rg1 Ra7 19. Rg2 Nf6 20. Rcg1 Rg8 21. Rxg8+ Nxg8 22. Qg3 Qf8 23. Qh4 Re7 24. Ne2 Nd7 25. Nc6 Rg7 26. Rxg7 Qxg7 27. Ne5 Ndf6 28. Qg3 Qe7 29. Nc1 Qb4 30. Nb3 Nh6 31. Qh4 Nhg8 32. Bc2 Qa4 33. a3 b4 34. axb4 Qxb4 35. Qf2 Ne4 36. Bxe4 Qxb3 37. Bf3 a5 38. Qd2 a4 39. Qc1 Qb7 40. Qc3 Kg7 41. Qa3 Qc7 42. Qc5 Qb8 43. Qa3 Qc7 44. Qc5 Qb8 45. Qa3 Qc7 1/2-1/2

[Event "XX Gran Hotel Bali-A 2023"]
[Site "Benidorm"]
[Date "2023.12.08"]
[Round "9.18"]
[White "Korneev Leskova, Svyatoslav"]
[Black "Salvador Buiza, Victor"]
[Result "0-1"]
[ECO "A37"]
[WhiteElo "2252"]
[BlackElo "2122"]
[Annotator "RC"]
[PlyCount "76"]
[EventDate "2023.12.02"]
[EventType "swiss"]
[EventCountry "ESP"]
[SourceTitle "playchess.com"]
[Source "ChessBase"]
[SourceQuality "1"]
[TimeControl "5400+30"]

1. c4 c5 2. g3 Nc6 3. Bg2 g6 4. Nc3 Bg7 5. Nf3 e5 6. O-O d6 7. a3 a5 8. Ne1 Be6 9. d3 Nge7 10. Nc2 O-O 11. Ne3 Qd7 12. Ned5 Rab8 13. Qa4 Rfd8 14. Bg5 Bxd5 15. Nxd5 b6 16. b4 axb4 17. axb4 cxb4 18. Nxb4 Nxb4 19. Qxb4 Bf8 20. Bxe7 Bxe7 21. Bd5 Kg7 22. Rfb1 Rdc8 23. Ra6 Bd8 24. Rba1 Rc5 25. Ra7 Bc7 26. e3 Qc8 27. d4 exd4 28. Qb2 Qd8 29. Qxd4+ Qf6 30. g4 h6 31. f4 b5 32. g5 hxg5 33. fxg5 Qe5 34. Rf1 Rf8 35. Ra8 Qxd4 36. Rxf8 Qxe3+ 37. Kh1 Kxf8 38. Rxf7+ Ke8 0-1

[Event "XX Gran Hotel Bali-A 2023"]
[Site "Benidorm"]
[Date "2023.12.08"]
[Round "9.19"]
[White "Alvarez Perez, Adan"]
[Black "Exposito Milan, Adrian"]
[Result "0-1"]
[ECO "D35"]
[WhiteElo "2241"]
[BlackElo "2073"]
[Annotator "RC"]
[PlyCount "72"]
[EventDate "2023.12.02"]
[EventType "swiss"]
[EventCountry "ESP"]
[SourceTitle "playchess.com"]
[Source "ChessBase"]
[SourceQuality "1"]
[TimeControl "5400+30"]

1. d4 d5 2. c4 e6 3. Nc3 Nf6 4. cxd5 exd5 5. Nf3 c6 6. Bg5 Be7 7. e3 Nbd7 8. Bd3 Ne4 9. Bf4 Ndf6 10. Ne5 Be6 11. Qc2 Nd6 12. h3 g6 13. g4 Nd7 14. O-O-O Nb6 15. Kb1 f6 16. Bxg6+ hxg6 17. Nxg6 Rg8 18. h4 Bxg4 19. Rdg1 Bf5 20. e4 Nxe4 21. Ka1 Rxg6 22. Rxg6 Bxg6 23. f3 Qd7 24. Qg2 Qf5 25. fxe4 dxe4 26. h5 Bh7 27. Qh2 Rd8 28. Rg1 Nd5 29. Bc7 Rd7 30. Nxd5 Rxd5 31. h6 Rxd4 32. Qg3 Rd3 33. Qg7 e3 34. Bd8 Kxd8 35. Qh8+ Kc7 36. Qe8 Qd7 0-1